 Dungeon Crawl Stone Soup version 0.31-a0-774-g0d66cbabe8 (webtiles) character file.

Game seed: 642777277297187928

35 Descartes the Covert (level 3, -1/19 HPs)
             Began as a Spriggan Delver on Sept 17, 2023.
             Slain by a phantom (6 damage)
             ... in the Ecumenical Temple.
             The game lasted 00:02:45 (482 turns).

Descartes the Covert (Spriggan Delver)               Turns: 482, Time: 00:02:45

Health: -1/19      AC:  2    Str: 10    XL:     3   Next: 17%
Magic:  4/4        EV: 17    Int: 11    God:
Gold:   7          SH:  0    Dex: 16    Spells: 2/2 levels left

rFire   . . .        i - +0 dagger (flame)
rCold   . . .        (no shield)
rNeg    . . .        b - +0 robe
rPois   .            (helmet restricted)
rElec   .            (no cloak)
rCorr   .            (gloves unavailable)
SInv    +            (boots unavailable)
Will    .....        (no amulet)
Stlth   ++++         (no ring)
HPRegen 0.23/turn    (no ring)
MPRegen 0.09/turn

%: no passive effects
@: very quick
A: very small, no large weapons, unfitting armour, see invisible, speed 3
a: no special abilities


You were in the Ecumenical Temple.
You visited 2 branches of the dungeon, and saw 3 of its levels.

You collected 7 gold pieces.

Inventory:

Hand Weapons
 a - a +0 short sword
 i - a +0 dagger of flaming (weapon)
Armour
 b - a +0 robe (worn)
Wands
 g - a wand of digging (3)
 k - a wand of charming (5)
Scrolls
 c - a scroll of fog
 d - a scroll of revelation
 e - a scroll of fear
 m - a scroll of amnesia {unknown}
Potions
 f - a potion of haste
 h - a potion of lignification {unknown}
 j - a potion of curing {unknown}
 l - a potion of degeneration {unknown}


   Skills:
 - Level 2.4 Fighting
 - Level 2.1 Short Blades
 - Level 2.6 Dodging
 + Level 8.8 Stealth


You had 2 spell levels left.
You didn't know any spells.
Your spell library was empty.

Dungeon Overview and Level Annotations

Branches:
Dungeon (5/15)             Temple (1/1) D:4

Altars:
Ashenzari
Elyvilon
Fedhas
Gozag
Hepliaklqana
Kikubaaqudgha
Makhleb
Nemelex Xobeh
Okawaru
Ru
Sif Muna
Wu Jian
Yredelemnul
Zin


Innate Abilities, Weirdness & Mutations

You are very small and have problems with some larger weapons.
You are too small for most types of armour.
You have supernaturally acute eyesight. (SInv)
You cover ground extremely quickly. (Speed+++)


Message History

The orc is heavily wounded.
The phantom misses you. The orc barely misses you.
You hit the orc but do no damage.
The orc is heavily wounded.
The phantom barely misses you. The orc misses you.
You hit the orc. You burn the orc.
You kill the orc!
The phantom hits you.
The phantom blinks!
You blink.
You hit the phantom but do no damage. The phantom barely misses you.
You closely miss the phantom. The phantom hits you.
Unknown command.
You closely miss the phantom. The phantom closely misses you.
You hit the phantom but do no damage. The phantom hits you.
The phantom blinks!
You blink.
You hit the phantom. You burn the phantom.
The phantom is lightly damaged.
The phantom completely misses you.
You miss the phantom.
The phantom is lightly damaged.
The phantom hits you but does no damage.
You hit the phantom but do no damage.
The phantom is lightly damaged.
The phantom hits you.
* * * LOW HITPOINT WARNING * * *
The phantom blinks!
You blink.
There is a staircase back to the Dungeon here.
A phantom is nearby!
The phantom hits you.
You are too injured to fight recklessly!
You closely miss the phantom. The phantom misses you.
You hit the phantom. You burn the phantom.
The phantom is lightly damaged.
The phantom barely misses you.
You barely miss the phantom.
The phantom is lightly damaged.
The phantom hits you.
* * * LOW HITPOINT WARNING * * *
The phantom blinks!
You blink.
The phantom hits you.
You die...

#.....# #. #.._..#
#. #.....# #.
##...## ## #####
##+## ##### ##### #
##...###...###...##
##...###
#.....#.....#.....#
#.....#.
#.._..+..8W.+.._..#
#.._..+.
#.....#....@#.....#
#.....#.
##...###....##...##
##...##. #####
#....###### ######.
#....## ##. #...ยง.#
##### #.. ##....#
##...## #.. #....##
#.....# ##.. #.....#
#.._..# #...
##....###.....###...


You could see a phantom.

Vanquished Creatures
  3 adders
  3 orcs
  A goblin (D:4)
7 creatures vanquished.

Notes
Turn   | Place    | Note
-------+----------+-------------------------------------------
     0 | D:5      | Descartes the Spriggan Delver began the quest for the Orb.
     0 | D:5      | Reached XP level 1. HP: 11/11 MP: 2/2
    11 | D:5      | Noticed an ogre
    71 | D:5      | Reached skill level 8 in Stealth
    71 | D:5      | Reached XP level 2. HP: 5/16 MP: 3/3
   215 | D:5      | Noticed a black bear
   258 | D:4      | Reached XP level 3. HP: 2/19 MP: 4/4
   304 | D:4      | Found a staircase to the Ecumenical Temple.
   304 | D:4      | Noticed a phantom
   312 | Temple   | Entered the Ecumenical Temple
   482 | Temple   | Slain by a phantom

Illustrated notes

Levels and vault maps discovered:
D:4:      layout_rooms, minmay_temple_entry_tees, minmay_diced_spiral,
          uniq_menkaure, uniq_crazy_yiuf_cottage
D:5:      layout_cave_pools, gammafunk_ghost_necromancy
Temple:   minmay_temple_curvy_branch

Skill      XL: |  1 |
---------------+----+-----
Stealth        | 8 |  8.8
Fighting       | |  2.4
Short Blades   | |  2.1
Dodging        | |  2.6

Action                     || total
---------------------------++-------
  Melee: Dagger            ||    57
         Short sword       ||     4
         Punch             ||     1
 Armour: Robe              ||    32
  Dodge: Dodged            ||    55

Table legend: (Time is in decaauts)
 A = Elapsed time spent in this place.
 B = Non-inter-level travel time spent in this place.
 C = Inter-level travel time spent in this place.
 D = Time resting spent in this place.
 E = Time spent auto-exploring this place.
 F = Levels seen in this place.
 G = Mean time per level.
                   A        B        C        D        E       F      G
               +--------+--------+--------+--------+--------+-----+--------+
         Total |    374 |    345 |     29 |     57 |     92 |   3 |  124.7 |
       Dungeon |    251 |    251 |      0 |     57 |     53 |   2 |  125.5 |
        Temple |    123 |     94 |     29 |      0 |     39 |   1 |  123.0 |
               +--------+--------+--------+--------+--------+-----+--------+

Top non-repeatable levels by time:
     D:5: 187 daAuts
  Temple: 123 daAuts
     D:4: 64 daAuts
